 Dungeon Crawl Stone Soup version 0.32-a0-871-ge202e49faa (webtiles) character file.

Game seed: 15871238273992667413

79 Griffin23 the Trooper (level 4, -4/40 HPs)
             Began as a Minotaur Fighter on Mar 30, 2024.
             Slain by an orc
             ... wielding a +0 morningstar
              (9 damage)
             ... on level 3 of the Dungeon.
             The game lasted 00:01:44 (1818 turns).

Griffin23 the Trooper (Minotaur Fighter)            Turns: 1818, Time: 00:01:45

Health: -4/40      AC:  7    Str: 23    XL:     4   Next: 16%
Magic:  3/3        EV:  8    Int:  5    God:
Gold:   45         SH:  4    Dex:  9    Spells: 3/3 levels left

rFire   . . .        a - +0 long sword
rCold   . . .        c - +0 buckler
rNeg    . . .        b - +0 scale mail
rPois   .            (helmet restricted)
rElec   .            (no cloak)
rCorr   .            (no gloves)
SInv    .            (no boots)
Will    .....        (no amulet) Stlth
                     (no ring)
HPRegen 0.26/turn    (no ring)
MPRegen 0.08/turn

%: no passive effects
@: no status effects
A: horns 2, retaliatory headbutt
a: no special abilities


You were on level 3 of the Dungeon.
You visited 1 branch of the dungeon, and saw 3 of its levels.

You collected 45 gold pieces.

Inventory:

Hand Weapons
 a - a +0 long sword (weapon)
Armour
 b - a +0 scale mail (worn)
 c - a +0 buckler (worn)
 m - a scarf of invisibility
Jewellery
 k - a ring of protection from cold
Scrolls
 g - a scroll of enchant weapon {unknown}
 i - 2 scrolls of blinking {unknown}
 l - 2 scrolls of teleportation {unknown}
Potions
 d - a potion of might
 e - a potion of attraction {unknown}
 f - a potion of lignification {unknown}
 h - a potion of haste {unknown}
 j - 2 potions of enlightenment {unknown}
 n - a potion of curing {unknown}
 o - a potion of berserk rage {unknown}


   Skills:
 + Level 4.2 Fighting
 * Level 3.8 Long Blades
 + Level 4.2 Armour
 + Level 4.2 Shields


You had 3 spell levels left.
You didn't know any spells.
Your spell library contained the following spells:

 Spells                   Type           Power      Damage    Failure   Level
 Frozen Ramparts          Ice            0%         1d1       99%         3
 Ozocubu's Armour         Ice            0%         N/A       99%         3
 Metabolic Englaciation   Hex/Ice        0%         N/A       100%        5


Dungeon Overview and Level Annotations

Branches:
Dungeon (3/15)

Altars:

Shops:
D:1 =


Innate Abilities, Weirdness & Mutations

You have a pair of horns on your head.
You reflexively headbutt those who attack you in melee.


Message History

There are monsters nearby!
An orc comes into view. It is wielding a +0 club.
The orc shouts!
An orc comes into view. It is wielding a +0 morningstar.
There are monsters nearby!
The orc barely misses you.
There are monsters nearby!
You hit the orc.
The orc is moderately wounded.
The orc hits you but does no damage.
There are monsters nearby!
You slash the orc!
You kill the orc!
You block the orc's attack.
You barely miss the orc. The orc misses you.
There are monsters nearby!
You hit the orc. Your headbutt misses the orc.
The orc is lightly wounded.
The orc hits you with a +0 hand axe. The orc closely misses you.
The orc hits you with a +0 hand axe. The orc hits you with a +0 club.
There are monsters nearby!
You slash the orc!
You kill the orc!
The orc hits you with a +0 club.
There are monsters nearby!
You closely miss the orc. The orc hits you with a +0 morningstar.
The orc closely misses you.
There are monsters nearby!
You hit the orc but do no damage. You headbutt the orc, but do no damage.
The orc hits you with a +0 club. The orc hits you with a +0 morningstar!
There are monsters nearby!
You are too injured to fight recklessly!
You are too injured to fight recklessly!
You barely miss the orc. The orc misses you.
The orc hits you with a +0 morningstar!
* * * LOW HITPOINT WARNING * * *
The orc hits you with a +0 club.
* * * LOW HITPOINT WARNING * * *
The orc hits you with a +0 morningstar!
You die...

................#
########.#......#
#.#......#
#.#.#....#
#........#
###.####... #.#
#.# #@# #oo# #.##
#. #. #. #. #.


You could see 2 orcs.

Vanquished Creatures
  2 adders (D:2)
  2 dart slugs (D:2)
  2 orcs (D:3)
  6 ball pythons
  5 endoplasms
  3 giant cockroaches
  5 goblins
  6 hobgoblins
  5 jackals (D:2)
  5 kobolds
  A quokka (D:1)
  4 bats
  3 rats
49 creatures vanquished.

Notes
Turn   | Place    | Note
-------+----------+-------------------------------------------
     0 | D:1      | Griffin23 the Minotaur Fighter began the quest for the Orb.
     0 | D:1      | Reached XP level 1. HP: 19/19 MP: 0/0
     8 | D:1      | You fall into a shaft and drop 1 floor!
   104 | D:1      | Reached XP level 2. HP: 25/27 MP: 1/1
   270 | D:1      | Found a faded altar of an unknown god.
   271 | D:1      | Found Nori's Jewellery Shoppe.
   620 | D:1      | Reached XP level 3. HP: 33/33 MP: 2/2
  1440 | D:2      | Reached XP level 4. HP: 31/40 MP: 3/3
  1818 | D:3      | Slain by an orc

Illustrated notes

Levels and vault maps discovered:
D:1:      lordsloth_arrival_two_stooges, layout_loops_ring, serial_shops,
          nicolae_shop_tiny_glass, basic_ecumenical_altar
D:2:      layout_loops_corners
D:3:      layout_loops_ring, serial_shops, nicolae_shop_stone,
          minmay_misc_feat_pillars

Skill      XL: |  1  2 |
---------------+-------+-----
Long Blades    | 3 |  3.8
Fighting       | 4 |  4.2
Armour         | 4 |  4.2
Shields        | 4 |  4.2

Action                     |  1- 3 |  4- 6 || total
---------------------------+-------+-------++-------
  Melee: Long sword        |   116 |     8 ||   124
         Headbutt          |    12 |     1 ||    13
 Armour: Scale mail        |    95 |    11 ||   106
  Dodge: Dodged            |    64 |     5 ||    69
  Block: Buckler           |    31 |     1 ||    32

Table legend: (Time is in decaauts)
 A = Elapsed time spent in this place.
 B = Non-inter-level travel time spent in this place.
 C = Inter-level travel time spent in this place.
 D = Time resting spent in this place.
 E = Time spent auto-exploring this place.
 F = Levels seen in this place.
 G = Mean time per level.
                   A        B        C        D        E       F      G
               +--------+--------+--------+--------+--------+-----+--------+
         Total |   1850 |   1755 |     95 |      0 |   1440 |   3 |  616.7 |
       Dungeon |   1850 |   1755 |     95 |      0 |   1440 |   3 |  616.7 |
               +--------+--------+--------+--------+--------+-----+--------+

Top non-repeatable levels by time:
     D:2: 978 daAuts
     D:1: 808 daAuts
     D:3: 63 daAuts
